 Dungeon Crawl Stone Soup version 0.18.1-48-g4cf74bf (webtiles) character file.

322 roguesci the Sneak (level 6, -1/55 HPs)
             Began as a Naga Enchanter on June 24, 2016.
             Slain by an orc priest
             ... wielding the +8 trident of the Octopus King {venom, rElec rPois MR+}
              (4 damage)
             ... on level 4 of the Dungeon.
             The game lasted 00:29:35 (2393 turns).

roguesci the Sneak (Naga Enchanter)                 Turns: 2393, Time: 00:29:36

Health: -1/55      AC:  7    Str: 10    XL:     6   Next: 47%
Magic:  3/11       EV:  5    Int: 16    God:
Gold:   189        SH:  0    Dex: 13    Spells: 4 memorised, 2 levels left

rFire  . . .     SeeInvis +     a - +1 dagger
rCold  . . .     Gourm    .     r - +2 animal skin
rNeg   . . .     Faith    .     (no shield)
rPois  +         Spirit   .     s - +0 helmet
rElec  .         Dismiss  .     j - +0 cloak
rCorr  .         Reflect  .     (no gloves)
SustAt .         Harm     .     (no barding)
MR     +....                    e - amulet of regeneration
Stlth  +++.......               (no ring)
                                l - ring of protection from magic

@: very slightly contaminated, very slow, somewhat resistant to hostile
enchantments, fairly stealthy
A: see invisible, deformed body, poison resistance, slowness 2, slow metabolism
1, spit poison 2, AC +2
a: Spit Poison


You were on level 4 of the Dungeon.
You were hungry.

You visited 1 branch of the dungeon, and saw 4 of its levels.

You collected 189 gold pieces.

Inventory:

Hand Weapons
 a - a +1 dagger (weapon)
Missiles
 o - 56 stones (quivered)
Armour
 b - a +1 robe
 j - a +0 cloak (worn)
 r - a +2 animal skin (worn)
 s - a +0 helmet (worn)
Jewellery
 e - an amulet of regeneration (around neck)
 l - a ring of protection from magic (left hand)
Wands
 g - a wand of iceblast (11/15)
Scrolls
 k - a scroll of immolation {unknown}
 m - 2 scrolls of remove curse
 n - a scroll of teleportation
 p - a scroll of identify
Potions
 h - a potion of brilliance {unknown}
 i - a potion of agility {unknown}
 t - 2 potions of curing {unknown}
Books
 c - a book of Maledictions

   Spells                             Type                      Level
   a - Corona                         Hexes                        1
   b - Ensorcelled Hibernation        Hexes/Ice                    2
   c - Confuse                        Hexes                        3
   d - Tukima's Dance                 Hexes                        3
   e - Dazzling Spray                 Conjuration/Hexes            3
Comestibles
 d - 3 bread rations
 f - a beef jerky
 q - 9 chunks of flesh


   Skills:
 * Level 2.4 Fighting
 + Level 2.0 Short Blades
 + Level 1.3 Armour
 * Level 2.8 Dodging
 + Level 5.5 Stealth
 * Level 3.3 Spellcasting
 + Level 3.3 Hexes


You had 2 spell levels left.
You knew the following spells:

 Your Spells              Type           Power        Failure   Level  Hunger
a - Corona                Hex            ##.....      6%          1    None
b - Ensorcelled Hibernat  Hex/Ice        #.....       14%         2    ##.....
c - Confuse               Hex            ##......     14%         3    ###....
d - Tukima's Dance        Hex            ##......     14%         3    ###....


Dungeon Overview and Level Annotations

Branches:
Dungeon (4/15)
 Temple: D:4-7

Altars:
Pakellas


Innate Abilities, Weirdness & Mutations

You cannot wear boots.
Your serpentine skin is tough (AC +2).
You have supernaturally acute eyesight.
Armour fits poorly on your strangely shaped body.
Your system is resistant to poisons.
You cover ground very slowly.
You have a slow metabolism.
You can spit poison.


Message History

The orc priest resists with almost no effort.
The orc priest shouts!
You are feeling hungry.
The orc priest closely misses you.
The orc priest mumbles some strange prayers to Beogh against you.
Beogh smites you!
Casting: Tukima's Dance
Confirm with . or Enter, or press ? or * to list all spells.
You don't have enough magic to cast that spell.
Unknown command.
The orc priest invokes the aid of Beogh against you.
Beogh smites you!
* * * LOW HITPOINT WARNING * * *
The orc priest miscasts a cantrip.
There is a stone staircase leading down here.
The orc priest calls down the wrath of Beogh upon you.
Beogh smites you!
* * * LOW HITPOINT WARNING * * *
The orc priest hits you from afar with the +8 trident of the Octopus King {venom, rElec rPois MR+}.
You die...

.............#
#.....o)######
#......o# ......#)#
.....##o# ##
#.#$..#o##.## ..
#.#...#o#...## #.
#............#### ...
###...#.@........ #.###
#...##.....### #...##
#...###..[###
####..#####...#.......#
.#....................#
.#........†...........#
...#..................#
#..##.#####...#.#####.#
#..##.# #...#.......#


You could see 3 orc priests, an orc wizard and an orc.

Vanquished Creatures
  Sigmund (D:2)
  A worker ant (D:4)
  Robin (D:4)
  2 adders
  An ooze (D:1)
  A worm (D:3)
  4 dart slugs
  4 giant geckos
  3 orcs
  5 bats
  3 giant cockroaches
  21 goblins
  5 hobgoblins
  10 jackals
  A quokka (D:2)
  2 giant newts
  9 kobolds
  13 rats
87 creatures vanquished.

Vanquished Creatures (others)
  A dancing weapon (D:4)
  A boulder beetle (D:3)
  A bush (D:3)
3 creatures vanquished.

Grand Total: 90 creatures vanquished

Notes
Turn   | Place    | Note
--------------------------------------------------------------
     0 | D:1      | roguesci the Naga Enchanter began the quest for the Orb.
     0 | D:1      | Reached XP level 1. HP: 15/15 MP: 3/3
   229 | D:1      | Reached XP level 2. HP: 22/22 MP: 3/5
   242 | D:1      | Learned a level 2 spell: Ensorcelled Hibernation
   519 | D:1      | Reached XP level 3. HP: 15/30 MP: 3/6
   974 | D:1      | Reached skill level 1 in Fighting
  1021 | D:2      | Reached XP level 4. HP: 38/38 MP: 7/7
  1071 | D:2      | Noticed Sigmund
  1120 | D:2      | Killed Sigmund
  1120 | D:2      | Reached skill level 1 in Armour
  1120 | D:2      | Reached skill level 5 in Stealth
  1120 | D:2      | Reached XP level 5. HP: 44/45 MP: 3/9
  1120 | D:2      | Reached XP level 6. HP: 51/52 MP: 3/10
  1618 | D:2      | Learned a level 3 spell: Confuse
  1622 | D:2      | Learned a level 3 spell: Tukima's Dance
  1757 | D:3      | Found an oddly glowing altar of Pakellas.
  1759 | D:3      | Noticed a boulder beetle
  1773 | D:3      | Killed a boulder beetle
  2173 | D:4      | Noticed Robin
  2197 | D:4      | Killed Robin
  2393 | D:4      | Slain by an orc priest

Skill      XL: |  1  2  3  4  5  6 |
---------------+-------------------+-----
Dodging        | 2 |  2.8
Fighting       | 1 2 |  2.4
Armour         | 1 |  1.3
Stealth        | 5 |  5.5
Spellcasting   | 3 |  3.3
Short Blades   | 2 |  2.0
Hexes          | |  3.3

Action                   |  1- 3 |  4- 6 || total
-------------------------+-------+-------++-------
Melee: Dagger            |    72 |   135 ||   207
 Cast: Corona            |    12 |     6 ||    18
       Ensorcelled Hiber |     4 |     8 ||    12
       Tukima's Dance    |       |     4 ||     4
 Abil: Spit Poison       |    25 |    22 ||    47
  Use: Scroll            |       |     7 ||     7
       Potion            |       |     3 ||     3
 Stab: Sleeping          |     2 |     6 ||     8
  Eat: Chunk             |     2 |     4 ||     6
       Pizza             |       |     1 ||     1
Armor: Robe              |    22 |    31 ||    53
       Animal skin       |       |     6 ||     6
Dodge: Dodged            |    37 |   106 ||   143
